Map: Dasan Station LE

Players

Dupsko

  • Race: Zerg Zerg
  • League: Diamond

Gracz

  • Race: Zerg Zerg
  • League: Silver

Red

  • Race: Terran Terran
  • League: Platinum

HAJPER

  • Race: Terran Terran

VOD

Have the link to the VOD?

Description

Time

  • Played on: Oct. 7, 2016, 1:44 p.m.
  • Length: 12:39
Show
View Real Time Build Order
Export as new Build Order

Dupsko Zerg 

Build Orders: Hatch First 

Get SALT Encoding   

  12  0:02  Drone  
  13  0:08  Drone  
  14  0:16  Overlord  
  14  0:24  Extractor, Drone  
  15  0:33  Overlord  
  15  0:35  Drone  
  16  0:59  Hatchery  
  15  1:12  Spawning Pool  
  15  1:14  Extractor  
  15  1:15  Drone  
  14  1:19  Drone  
  15  1:31  Evolution Chamber  
  14  1:32  Drone  
  14  1:33  Drone  
  16  1:43  Drone  
  17  1:48  Extractor  
  16  1:55  Drone  
  17  2:03  Drone  
  18  2:17  Drone x2  
  18  2:20  Queen  
  22  2:27  Metabolic Boost  
  22  2:36  Queen  
  24  2:41  Zergling x2  
  25  2:44  Zergling x2  
  25  2:45  Zergling x2  
  25  2:49  Zergling x2  
  28  2:55  Drone x2  
  30  2:59  Zergling x2  
  29  3:13  Drone x2  
  29  3:19  Zergling x4  
  33  3:24  Drone  
  34  3:45  Drone  
  34  3:46  Overlord x2  
  35  4:04  Queen  
  37  4:13  Drone x8  
  45  4:19  Zergling x4, Extractor  
  45  4:20  Extractor  
  43  4:33  Zergling x4, Baneling Nest  
  42  4:39  Zergling x2  
  42  4:43  Lair  
  43  4:52  Zergling x4  
  45  4:53  Zergling x4  
  47  5:04  Zerg Missile Weapons Level 1  
  47  5:06  Roach Warren, Drone x3  
  48  5:28  Overlord x4  
  48  5:36  Hatchery  
  46  5:52  Roach Warren  
  46  5:53  Glial Reconstitution  
  46  5:55  Evolution Chamber  
  40  5:59  Infestation Pit  
  40  6:02  Zergling x18  
  46  6:10  Drone x3  
  49  6:15  Centrifical Hooks  
  47  6:26  Zergling x6  
  47  6:30  Zerg Ground Armor Level 1  
  50  6:37  Baneling x6  
  50  6:39  Baneling x4  
  50  6:40  Baneling x2  
  50  6:43  Drone x2  
  50  6:45  Drone  
  53  6:56  Queen  
  53  6:57  Drone x3  
  52  7:08  Zerg Missile Weapons Level 2  
  50  7:11  Hive  
  50  7:15  Roach  
  49  7:22  Roach x3  
  54  7:38  Roach x5  
  54  7:39  Roach  
  65  7:44  Roach  
  65  7:45  Roach  
  65  7:49  Zergling x2  
  65  7:50  Zergling x6  
  73  7:57  Roach  
  71  8:00  Roach  
  63  8:18  Roach x2  
  67  8:23  Zergling x2  
  64  8:31  Drone  
  64  8:32  Drone  
  66  8:40  Roach x2  
  68  8:58  Roach x2  
  68  8:59  Overlord x2  
  72  9:08  Zerg Ground Armor Level 2  
  68  9:20  Ultralisk Cavern  
  67  9:33  Roach x5  
  77  9:51  Spire  
  76  10:33  Drone x6  
  82  11:03  Mutalisk x3  
  88  11:04  Overlord x2  
  88  11:05  Overlord  
  88  11:22  Mutalisk x9  
  88  11:24  Mutalisk  
  108  11:49  Mutalisk  
Show
View Real Time Build Order
Export as new Build Order

Gracz Zerg 

Build Orders:  

Get SALT Encoding   

  12  0:01  SCV  
  13  0:15  Supply Depot  
  13  0:22  Supply Depot  
  13  0:35  SCV  
  14  0:46  Barracks  
  14  0:47  SCV  
  15  0:59  SCV  
  16  1:06  Supply Depot  
  16  1:09  Refinery  
  16  1:11  SCV  
  17  1:37  Barracks  
  17  1:38  Marine  
  18  1:46  Orbital Command  
  18  1:56  Marine  
  19  2:26  Barracks  
  19  2:29  Barracks, SCV, Reaper  
  21  2:33  Refinery  
  21  2:37  Reaper  
  22  2:42  SCV  
  23  2:54  SCV  
  24  3:06  Marine  
  24  3:09  Barracks Reactor  
  23  3:16  Barracks Tech Lab  
  23  3:19  Barracks Tech Lab  
  23  3:24  Marine  
  24  3:41  Marine, Stimpack  
  23  3:42  Marine  
  23  3:43  Marine  
  23  3:45  Marine  
  23  3:46  Marine  
  28  3:59  Marine  
  28  4:00  Marine  
  28  4:01  Marine  
  31  4:03  Marine x2  
  32  4:17  Marine  
  32  4:18  Marine  
  32  4:19  Marine  
  32  4:36  Marine  
  32  4:38  Marauder  
  31  4:54  Marauder  
  31  4:59  Marauder  
  35  5:11  Marine  
  35  5:12  Marine x2  
  38  5:22  Marauder x2  
  42  5:32  Factory  
  42  5:41  Marine x3  
  45  5:43  Marauder x2  
  49  6:05  Marauder  
  51  6:19  Marine x2  
  51  6:20  Marine x2  
  55  6:26  Marauder  
  57  6:35  Starport  
  51  7:23  Supply Depot  
  51  7:25  Supply Depot  
  51  7:56  Supply Depot  
  47  7:59  Marine  
  47  8:00  Marine, Marauder  
  47  8:03  Marauder  
  40  8:19  Supply Depot  
  39  8:21  Marauder  
  39  8:24  Marauder  
  16  8:42  Marauder  
  16  8:46  Marauder  
  5  9:04  Marauder  
  5  9:07  Marauder  
    9:31  Orbital Command  
    10:37  SCV  
  1  11:01  SCV  
  2  11:27  Marine  
  3  11:35  SCV  
Show
View Real Time Build Order
Export as new Build Order

Red Terran 

Build Orders:  

Get SALT Encoding   

Show
View Real Time Build Order
Export as new Build Order

HAJPER Terran 

Build Orders:  

Get SALT Encoding   

Tags
 
Add a new tag
Caveats
  • Supply blocks, unpowered buildings, or Contaminate may cause inaccurate times.
  • Supply counts are checked every 10 seconds.